[ AOE2 MATCH · #481245825 ]
UnrankedFranks vs Japanese
[ REPLAY ANALYSIS · EXTRACTED FROM THE RECORDED GAME ]
Feudal
13:23
Castle
19:09
Imperial
38:18
| APM avg | 33.7 |
| APM peak | 75 |
| eAPM avg | 15.4 |
| Villagers / military | 121 / 154 |
Focus
⚔️ 28.8% · 🌾 71.2%
Knight ×147 · Fishing Ship ×5 · Trebuchet (Packed) ×4 · Scout Cavalry ×3
Feudal
15:33
Castle
26:38
Imperial
36:23
| APM avg | 21.4 |
| APM peak | 48 |
| eAPM avg | 14.7 |
| Villagers / military | 60 / 182 |
Focus
⚔️ 43.1% · 🌾 56.9%
Scout Cavalry ×92 · Samurai ×61 · Fishing Ship ×48 · Cavalry Archer ×18 · Militia ×7 · Spearman ×4
Feudal
—
Castle
—
Imperial
—
| APM avg | 20.8 |
| APM peak | 43 |
| eAPM avg | 13.4 |
| Villagers / military | 127 / 194 |
Focus
⚔️ 45.1% · 🌾 54.9%
Rattan Archer ×166 · Trebuchet (Packed) ×14 · Fire Lancer ×10 · Fishing Ship ×8 · Bombard Cannon ×2 · Demolition Raft ×2
Feudal
15:00
Castle
25:10
Imperial
54:09
| APM avg | 17.8 |
| APM peak | 87 |
| eAPM avg | 9.3 |
| Villagers / military | 70 / 46 |
Focus
⚔️ 28.9% · 🌾 71.1%
Battle Elephant ×19 · Spearman ×18 · Fishing Ship ×7 · Scout Cavalry ×6 · Demolition Raft ×3
Feudal
14:18
Castle
18:18
Imperial
43:35
| APM avg | 13.3 |
| APM peak | 33 |
| eAPM avg | 9.0 |
| Villagers / military | 92 / 40 |
Focus
⚔️ 26.3% · 🌾 73.7%
Scout Cavalry ×28 · Fishing Ship ×16 · Fire Galley ×4 · Battering Ram ×4 · Mangonel ×2 · Transport Ship ×2
Feudal
13:16
Castle
17:36
Imperial
32:40
| APM avg | 31.6 |
| APM peak | 65 |
| eAPM avg | 19.6 |
| Villagers / military | 172 / 249 |
Focus
⚔️ 41.4% · 🌾 58.6%
Skirmisher ×151 · Genoese Crossbowman ×89 · Fishing Ship ×19 · Trebuchet (Packed) ×9
Feudal
—
Castle
—
Imperial
—
| APM avg | 11.5 |
| APM peak | 56 |
| eAPM avg | 3.9 |
| Villagers / military | 48 / 18 |
Focus
⚔️ 24.9% · 🌾 75.1%
Fishing Ship ×10 · Cavalry Archer ×10 · Spearman ×4 · Scout Cavalry ×4
Feudal
14:31
Castle
19:42
Imperial
39:04
| APM avg | 33.4 |
| APM peak | 72 |
| eAPM avg | 12.8 |
| Villagers / military | 105 / 157 |
Focus
⚔️ 29.9% · 🌾 70.1%
Elephant Archer ×124 · Skirmisher ×20 · Fishing Ship ×7 · Galley ×4 · Mangonel ×2 · Spearman ×2
Match map
Initial resources + every placement click. Lines = walls · curves = elevation contours. ◆ gold · ⬟ stone · ● berries · ✦ relic · ◌ wall gap
Your base· Open — 9t gap
BigPapa's base· Open — 5t gap
SenorLeyenda561's base· Open — 4t gap
I'm Chịck's base· Open — 15t gap
Baruchiev's base· Open — 12t gap
vuhieu84vn's base· Open — unwalled flank
Fettig15's base· Open — 4t gap
Kaka's base· Open — 10t gap
Smoothed initial terrain · ◌ = detected wall gap · hover for details
Inputs per minute
— Alcatraz - - BigPapa
Build order — Alcatraz
First 150 of 347 actions detected
| 0:45 | Build | Town Center |
| 2:50 | Build | Dock |
| 2:59 | Build | House |
| 3:02 | Build | Dock |
| 3:03 | Create | Villager (Male) ×4 |
| 3:29 | Build | Dock |
| 4:21 | Create | Fishing Ship |
| 4:32 | Research | Loom |
| 4:32 | Research | Loom |
| 5:10 | Create | Villager (Male) |
| 5:19 | Build | House |
| 5:39 | Create | Villager (Male) |
| 5:52 | Create | Fishing Ship |
| 6:07 | Create | Villager (Male) |
| 6:25 | Build | House |
| 6:32 | Create | Villager (Male) |
| 7:13 | Create | Villager (Male) |
| 7:24 | Create | Fishing Ship |
| 7:57 | Create | Villager (Male) |
| 8:06 | Create | Fishing Ship |
| 8:33 | Build | House |
| 8:46 | Create | Villager (Male) |
| 8:46 | Create | Villager (Male) |
| 8:46 | Create | Villager (Male) |
| 9:32 | Create | Fishing Ship |
| 10:00 | Create | Villager (Male) |
| 10:26 | Build | Mining Camp |
| 10:44 | Create | Villager (Male) |
| 11:07 | Build | Mill |
| 11:13 | Research | Feudal Age |
| 11:14 | Research | Feudal Age |
| 12:05 | Create | Villager (Male) |
| 12:17 | Build | House |
| 12:47 | Build | Barracks |
| 13:23 | Age | Feudal Age |
| 13:26 | Create | Villager (Male) |
| 13:47 | Create | Villager (Male) |
| 14:12 | Build | Stable |
| 14:30 | Create | Villager (Male) |
| 14:32 | Create | Villager (Male) |
| 14:47 | Build | House |
| 15:07 | Build | Palisade Wall |
| 15:27 | Create | Villager (Male) |
| 15:37 | Build | Blacksmith |
| 15:52 | Create | Villager (Male) |
| 16:29 | Research | Castle Age |
| 16:35 | Build | House |
| 17:50 | Build | Lumber Camp |
| 18:12 | Build | Stable |
| 18:51 | Research | Double-Bit Axe |
| 18:53 | Create | Villager (Male) |
| 19:09 | Age | Castle Age |
| 19:28 | Create | Villager (Male) |
| 19:32 | Create | Knight |
| 19:43 | Build | Stable |
| 20:00 | Build | Palisade Wall |
| 20:02 | Build | Palisade Wall |
| 20:06 | Create | Villager (Male) |
| 20:08 | Create | Villager (Male) |
| 20:14 | Research | Bow Saw |
| 20:14 | Research | Bow Saw |
| 20:26 | Create | Knight |
| 20:30 | Create | Scout Cavalry |
| 20:53 | Create | Scout Cavalry |
| 20:55 | Create | Knight |
| 21:00 | Create | Scout Cavalry |
| 21:07 | Build | House |
| 21:08 | Build | House |
| 21:19 | Research | Forging |
| 21:20 | Research | Scale Barding Armor |
| 21:22 | Research | Forging |
| 21:23 | Research | Fletching |
| 21:31 | Create | Villager (Male) |
| 21:31 | Create | Villager (Male) |
| 21:32 | Create | Villager (Male) |
| 21:44 | Build | Town Center |
| 21:52 | Build | Farm |
| 21:54 | Build | Farm |
| 21:57 | Build | Farm |
| 22:03 | Create | Knight |
| 22:11 | Create | Knight |
| 22:18 | Build | Farm |
| 22:49 | Create | Villager (Male) |
| 22:52 | Build | Farm |
| 22:53 | Build | Farm |
| 23:01 | Create | Villager (Male) |
| 23:38 | Build | Gate |
| 23:47 | Build | Stone Wall |
| 23:55 | Create | Villager (Male) |
| 24:01 | Build | Farm |
| 24:08 | Create | Villager (Male) |
| 24:10 | Create | Villager (Male) |
| 24:10 | Create | Villager (Male) |
| 24:15 | Build | Farm |
| 24:16 | Build | Farm |
| 24:22 | Create | Knight |
| 24:43 | Build | Mining Camp |
| 24:53 | Create | Villager (Male) |
| 24:53 | Create | Villager (Male) |
| 24:56 | Create | Knight |
| 24:56 | Create | Knight |
| 25:01 | Build | Farm |
| 25:02 | Build | Farm |
| 25:07 | Build | Farm |
| 25:08 | Build | Farm |
| 25:09 | Create | Villager (Male) |
| 25:26 | Build | House |
| 25:39 | Build | House |
| 25:40 | Create | Villager (Male) |
| 25:40 | Create | Villager (Male) |
| 25:59 | Build | Farm |
| 26:08 | Build | Farm |
| 26:12 | Build | Farm |
| 26:13 | Create | Villager (Male) |
| 26:14 | Create | Villager (Male) |
| 26:22 | Build | Farm |
| 26:25 | Create | Villager (Male) |
| 26:25 | Create | Villager (Male) |
| 26:31 | Build | Farm |
| 26:36 | Build | Farm |
| 26:37 | Create | Villager (Male) |
| 26:42 | Build | House |
| 26:45 | Build | House |
| 26:47 | Build | House |
| 27:01 | Build | Gate |
| 27:03 | Build | House |
| 27:05 | Build | House |
| 27:06 | Build | House |
| 27:09 | Create | Villager (Male) |
| 27:10 | Create | Villager (Male) |
| 27:10 | Create | Villager (Male) |
| 27:10 | Create | Villager (Male) |
| 27:18 | Build | Farm |
| 27:19 | Build | Farm |
| 27:24 | Create | Villager (Male) |
| 27:43 | Research | Husbandry |
| 28:02 | Create | Villager (Male) |
| 28:02 | Create | Villager (Male) |
| 28:10 | Build | Farm |
| 28:13 | Build | Farm |
| 28:17 | Create | Villager (Male) |
| 28:17 | Create | Villager (Male) |
| 28:36 | Create | Knight |
| 28:37 | Create | Knight |
| 28:43 | Build | Farm |
| 28:48 | Build | Farm |
| 28:55 | Build | Farm |
| 29:00 | Create | Villager (Male) |
| 29:02 | Create | Knight |
| 29:02 | Create | Knight |
Build order — BigPapa
First 150 of 450 actions detected
| 1:05 | Build | Town Center |
| 3:11 | Build | House |
| 3:25 | Create | Villager (Male) |
| 3:25 | Create | Villager (Male) |
| 3:26 | Create | Villager (Male) |
| 3:26 | Create | Villager (Male) |
| 3:26 | Create | Villager (Male) |
| 3:53 | Build | Lumber Camp |
| 5:05 | Create | Villager (Male) |
| 5:05 | Create | Villager (Male) |
| 5:10 | Build | Dock |
| 5:18 | Build | House |
| 6:18 | Create | Villager (Male) |
| 6:18 | Create | Villager (Male) |
| 7:16 | Create | Fishing Ship |
| 7:16 | Create | Fishing Ship |
| 7:16 | Create | Fishing Ship |
| 7:23 | Create | Villager (Male) |
| 7:24 | Create | Villager (Male) |
| 7:58 | Create | Fishing Ship |
| 8:07 | Research | Loom |
| 8:12 | Create | Villager (Male) |
| 8:13 | Create | Villager (Male) |
| 8:19 | Create | Fishing Ship |
| 8:19 | Create | Fishing Ship |
| 8:54 | Create | Villager (Male) |
| 8:54 | Create | Villager (Male) |
| 9:13 | Build | House |
| 9:22 | Create | Villager (Male) |
| 9:35 | Create | Fishing Ship |
| 9:56 | Create | Villager (Male) |
| 9:56 | Create | Villager (Male) |
| 10:04 | Create | Villager (Male) |
| 10:04 | Create | Villager (Male) |
| 10:17 | Build | Barracks |
| 10:35 | Create | Villager (Male) |
| 10:49 | Create | Villager (Male) |
| 10:56 | Create | Fishing Ship |
| 11:19 | Create | Villager (Male) |
| 12:21 | Create | Villager (Male) |
| 12:22 | Create | Villager (Male) |
| 12:30 | Build | House |
| 12:52 | Build | House |
| 13:01 | Build | Dock |
| 13:23 | Research | Feudal Age |
| 13:42 | Create | Villager (Male) |
| 13:42 | Create | Villager (Male) |
| 13:52 | Build | Mining Camp |
| 14:07 | Create | Villager (Male) |
| 14:29 | Build | Dock |
| 14:51 | Create | Militia |
| 14:51 | Create | Militia |
| 14:52 | Create | Militia |
| 14:57 | Create | Villager (Male) |
| 15:33 | Age | Feudal Age |
| 15:33 | Research | Man-at-Arms (upgrade) |
| 15:34 | Research | Man-at-Arms (upgrade) |
| 15:34 | Research | Double-Bit Axe |
| 15:42 | Build | Blacksmith |
| 15:43 | Create | Villager (Male) |
| 15:48 | Build | Stable |
| 15:57 | Build | Mill |
| 16:04 | Create | Militia |
| 16:15 | Create | Fishing Ship |
| 16:15 | Create | Fishing Ship |
| 16:21 | Research | Wheelbarrow |
| 16:29 | Create | Militia |
| 16:59 | Research | Town Watch |
| 17:03 | Create | Scout Cavalry |
| 17:09 | Create | Fishing Ship |
| 17:09 | Create | Fishing Ship |
| 17:09 | Create | Fishing Ship |
| 17:14 | Create | Villager (Male) |
| 17:36 | Build | Mining Camp |
| 17:46 | Create | Militia |
| 17:47 | Create | Militia |
| 18:10 | Create | Scout Cavalry |
| 18:13 | Create | Villager (Male) |
| 18:21 | Create | Fishing Ship |
| 18:21 | Create | Fishing Ship |
| 18:48 | Build | Fish Trap |
| 18:52 | Research | Arson |
| 19:16 | Research | Gold Mining |
| 19:50 | Research | Forging |
| 19:52 | Research | Scale Mail Armor |
| 19:56 | Create | Spearman |
| 19:56 | Create | Spearman |
| 20:01 | Create | Villager (Male) |
| 20:44 | Build | Fish Trap |
| 20:47 | Build | Palisade Wall |
| 20:49 | Build | Palisade Wall |
| 20:50 | Build | Palisade Wall |
| 20:51 | Build | Palisade Wall |
| 20:53 | Create | Spearman |
| 21:08 | Research | Fletching |
| 21:28 | Create | Villager (Male) |
| 21:46 | Build | House |
| 21:47 | Build | House |
| 22:54 | Build | House |
| 22:56 | Build | House |
| 22:58 | Build | House |
| 23:00 | Build | Palisade Wall |
| 23:14 | Create | Spearman |
| 23:58 | Research | Castle Age |
| 24:02 | Research | Stone Mining |
| 24:54 | Research | Tech 906 |
| 24:55 | Research | Tech 906 |
| 25:03 | Create | Villager (Male) |
| 25:04 | Create | Villager (Male) |
| 25:34 | Research | Bloodlines |
| 26:10 | Build | Fish Trap |
| 26:16 | Create | Villager (Male) |
| 26:29 | Build | Fish Trap |
| 26:38 | Age | Castle Age |
| 26:40 | Research | Bow Saw |
| 26:46 | Research | Gillnets |
| 26:56 | Research | Squires |
| 26:56 | Research | Squires |
| 27:02 | Create | Fishing Ship |
| 27:02 | Create | Fishing Ship |
| 27:08 | Research | Horse Collar |
| 27:59 | Research | Chain Mail Armor |
| 27:59 | Research | Chain Mail Armor |
| 28:04 | Build | Castle |
| 28:07 | Create | Villager (Male) |
| 28:07 | Create | Villager (Male) |
| 28:12 | Create | Villager (Male) |
| 28:19 | Create | Fishing Ship |
| 28:20 | Create | Fishing Ship |
| 28:20 | Create | Fishing Ship |
| 28:20 | Create | Fishing Ship |
| 28:20 | Create | Fishing Ship |
| 28:34 | Build | Fish Trap |
| 28:36 | Create | Villager (Male) |
| 28:37 | Create | Villager (Male) |
| 28:50 | Create | Villager (Male) |
| 29:03 | Create | Villager (Male) |
| 29:20 | Create | Fishing Ship |
| 29:20 | Create | Fishing Ship |
| 29:20 | Create | Fishing Ship |
| 29:22 | Create | Villager (Male) |
| 29:22 | Create | Villager (Male) |
| 29:23 | Create | Villager (Male) |
| 29:24 | Create | Villager (Male) |
| 29:28 | Create | Samurai |
| 29:29 | Create | Samurai |
| 29:49 | Build | Mining Camp |
| 30:06 | Create | Samurai |
| 30:06 | Create | Samurai |
| 30:06 | Create | Samurai |
Build order — SenorLeyenda561
First 150 of 446 actions detected
| 0:33 | Build | Town Center |
| 2:46 | Build | House |
| 3:13 | Create | Villager (Male) |
| 3:13 | Create | Villager (Male) |
| 3:13 | Create | Villager (Male) |
| 3:13 | Create | Villager (Male) |
| 3:23 | Research | Loom |
| 3:57 | Build | Dock |
| 4:57 | Create | Fishing Ship |
| 5:22 | Create | Villager (Male) |
| 5:22 | Create | Villager (Male) |
| 5:29 | Build | House |
| 5:44 | Create | Villager (Male) |
| 6:09 | Create | Villager (Male) |
| 6:23 | Create | Villager (Male) |
| 7:03 | Create | Villager (Male) |
| 7:25 | Create | Villager (Male) |
| 7:26 | Create | Villager (Male) |
| 7:33 | Build | House |
| 7:46 | Create | Fishing Ship |
| 7:46 | Create | Fishing Ship |
| 8:10 | Build | House |
| 8:30 | Create | Villager (Male) |
| 8:54 | Create | Fishing Ship |
| 9:02 | Build | House |
| 9:03 | Build | House |
| 9:12 | Create | Villager (Male) |
| 9:13 | Create | Villager (Male) |
| 9:30 | Create | Villager (Male) |
| 9:31 | Create | Villager (Male) |
| 9:32 | Create | Fishing Ship |
| 9:32 | Create | Fishing Ship |
| 10:26 | Build | Dock |
| 10:35 | Create | Villager (Male) |
| 10:36 | Create | Villager (Male) |
| 10:36 | Create | Villager (Male) |
| 10:59 | Create | Fishing Ship |
| 11:09 | Build | House |
| 11:18 | Create | Villager (Male) |
| 11:37 | Create | Fishing Ship |
| 12:04 | Create | Villager (Male) |
| 12:08 | Build | Lumber Camp |
| 12:42 | Research | Feudal Age |
| 13:28 | Build | Barracks |
| 14:15 | Create | Villager (Male) |
| 14:16 | Create | Villager (Male) |
| 14:34 | Build | House |
| 14:54 | Build | Blacksmith |
| 15:25 | Build | Archery Range |
| 16:08 | Research | Scale Mail Armor |
| 16:19 | Research | Castle Age |
| 16:19 | Research | Castle Age |
| 16:26 | Build | House |
| 16:27 | Build | House |
| 16:50 | Build | Barracks |
| 16:57 | Research | Forging |
| 17:10 | Research | Double-Bit Axe |
| 17:25 | Build | House |
| 18:26 | Build | Barracks |
| 18:50 | Research | Wheelbarrow |
| 18:54 | Research | Arson |
| 19:01 | Create | Fire Lancer |
| 19:03 | Create | Fire Lancer |
| 19:13 | Create | Villager (Male) |
| 19:25 | Build | Town Center |
| 19:31 | Create | Villager (Male) |
| 19:46 | Create | Fire Lancer |
| 20:04 | Create | Fire Lancer |
| 20:22 | Create | Villager (Male) |
| 20:23 | Create | Villager (Male) |
| 20:23 | Create | Villager (Male) |
| 20:46 | Create | Villager (Male) |
| 20:52 | Build | Mill |
| 21:02 | Create | Fire Lancer |
| 21:02 | Create | Fire Lancer |
| 21:02 | Create | Fire Lancer |
| 21:02 | Create | Fire Lancer |
| 21:22 | Create | Villager (Male) |
| 21:23 | Create | Villager (Male) |
| 21:24 | Create | Villager (Male) |
| 21:30 | Create | Demolition Raft |
| 21:30 | Create | Demolition Raft |
| 21:37 | Build | Fish Trap |
| 21:38 | Build | Fish Trap |
| 22:03 | Create | Villager (Male) |
| 22:03 | Create | Villager (Male) |
| 22:10 | Build | Farm |
| 22:12 | Build | Farm |
| 22:14 | Build | Farm |
| 22:29 | Create | Villager (Male) |
| 22:29 | Create | Villager (Male) |
| 22:30 | Create | Villager (Male) |
| 22:49 | Build | Town Center |
| 22:57 | Build | Farm |
| 22:58 | Build | Farm |
| 22:59 | Build | Farm |
| 23:00 | Build | Farm |
| 23:03 | Create | Villager (Male) |
| 23:33 | Build | Fish Trap |
| 23:47 | Create | Villager (Male) |
| 23:47 | Create | Villager (Male) |
| 23:48 | Create | Villager (Male) |
| 23:48 | Create | Villager (Male) |
| 23:48 | Create | Villager (Male) |
| 23:48 | Create | Villager (Male) |
| 23:56 | Build | Farm |
| 24:07 | Build | House |
| 24:08 | Build | House |
| 24:09 | Build | House |
| 24:13 | Create | Villager (Male) |
| 24:13 | Create | Villager (Male) |
| 24:19 | Create | Fire Lancer |
| 24:19 | Create | Fire Lancer |
| 24:26 | Create | Villager (Male) |
| 24:26 | Create | Villager (Male) |
| 24:54 | Create | Villager (Male) |
| 25:25 | Build | Town Center |
| 25:26 | Create | Villager (Male) |
| 25:26 | Create | Villager (Male) |
| 25:26 | Create | Villager (Male) |
| 25:26 | Create | Villager (Male) |
| 25:27 | Create | Villager (Male) |
| 25:27 | Create | Villager (Male) |
| 25:27 | Create | Villager (Male) |
| 25:28 | Create | Villager (Male) |
| 25:31 | Build | Farm |
| 25:33 | Build | Farm |
| 25:45 | Build | Mining Camp |
| 25:54 | Create | Villager (Male) |
| 25:55 | Create | Villager (Male) |
| 25:55 | Create | Villager (Male) |
| 26:07 | Build | House |
| 26:09 | Build | House |
| 26:10 | Build | House |
| 26:12 | Create | Villager (Male) |
| 26:12 | Create | Villager (Male) |
| 26:12 | Create | Villager (Male) |
| 26:26 | Create | Villager (Male) |
| 26:27 | Create | Villager (Male) |
| 26:27 | Create | Villager (Male) |
| 26:38 | Build | Mining Camp |
| 27:05 | Create | Villager (Male) |
| 27:05 | Create | Villager (Male) |
| 27:05 | Create | Villager (Male) |
| 27:06 | Create | Villager (Male) |
| 27:06 | Create | Villager (Male) |
| 27:14 | Build | Farm |
| 27:19 | Research | Gold Mining |
| 27:21 | Create | Villager (Male) |
| 27:21 | Create | Villager (Male) |
Build order — I'm Chịck
First 150 of 216 actions detected
| 0:52 | Build | Dock |
| 1:26 | Build | Town Center |
| 3:45 | Create | Villager (Male) |
| 3:46 | Create | Villager (Male) |
| 3:46 | Create | Villager (Male) |
| 3:46 | Create | Villager (Male) |
| 3:47 | Create | Villager (Male) |
| 3:47 | Create | Villager (Male) |
| 3:47 | Create | Villager (Male) |
| 5:10 | Create | Villager (Male) |
| 5:10 | Create | Villager (Male) |
| 5:48 | Create | Fishing Ship |
| 6:10 | Create | Villager (Male) |
| 6:10 | Create | Villager (Male) |
| 6:34 | Build | House |
| 6:39 | Research | Loom |
| 6:42 | Create | Villager (Male) |
| 6:42 | Create | Villager (Male) |
| 7:12 | Create | Fishing Ship |
| 7:15 | Create | Villager (Male) |
| 7:16 | Create | Villager (Male) |
| 7:40 | Create | Villager (Male) |
| 7:40 | Create | Villager (Male) |
| 7:41 | Create | Villager (Male) |
| 8:36 | Create | Villager (Male) |
| 8:36 | Create | Villager (Male) |
| 8:57 | Create | Villager (Male) |
| 8:58 | Create | Villager (Male) |
| 8:58 | Create | Villager (Male) |
| 8:58 | Create | Villager (Male) |
| 9:09 | Build | House |
| 9:29 | Create | Villager (Male) |
| 9:29 | Create | Villager (Male) |
| 9:36 | Build | House |
| 9:46 | Build | Outpost |
| 9:49 | Build | Outpost |
| 10:09 | Create | Villager (Male) |
| 10:11 | Create | Fishing Ship |
| 10:45 | Create | Villager (Male) |
| 10:56 | Build | Palisade Wall |
| 11:02 | Create | Villager (Male) |
| 11:09 | Build | Lumber Camp |
| 11:24 | Build | House |
| 11:58 | Create | Villager (Male) |
| 12:16 | Create | Fishing Ship |
| 12:35 | Build | Barracks |
| 12:39 | Build | Palisade Gate |
| 12:43 | Build | Palisade Wall |
| 12:50 | Research | Feudal Age |
| 13:27 | Build | Mining Camp |
| 13:49 | Create | Villager (Male) |
| 15:00 | Age | Feudal Age |
| 15:16 | Build | Blacksmith |
| 15:27 | Build | Stable |
| 15:32 | Create | Villager (Male) |
| 15:51 | Build | Mill |
| 16:08 | Create | Villager (Male) |
| 16:13 | Create | Demolition Raft |
| 16:18 | Create | Fishing Ship |
| 16:35 | Create | Scout Cavalry |
| 16:35 | Create | Scout Cavalry |
| 16:45 | Research | Scale Barding Armor |
| 16:46 | Create | Villager (Male) |
| 16:52 | Build | Farm |
| 16:52 | Build | Farm |
| 16:53 | Build | Farm |
| 16:53 | Build | Farm |
| 16:53 | Build | Farm |
| 16:56 | Create | Villager (Male) |
| 17:11 | Build | House |
| 17:17 | Build | Palisade Gate |
| 17:27 | Research | Wheelbarrow |
| 17:28 | Create | Villager (Male) |
| 17:46 | Create | Scout Cavalry |
| 18:24 | Create | Scout Cavalry |
| 18:38 | Create | Villager (Male) |
| 18:43 | Build | Farm |
| 18:44 | Build | Farm |
| 19:33 | Research | Forging |
| 19:33 | Create | Villager (Male) |
| 19:35 | Create | Scout Cavalry |
| 19:36 | Create | Scout Cavalry |
| 19:53 | Create | Villager (Male) |
| 20:03 | Build | House |
| 20:04 | Build | Farm |
| 20:18 | Create | Villager (Male) |
| 20:33 | Create | Villager (Male) |
| 20:56 | Create | Villager (Male) |
| 21:20 | Create | Villager (Male) |
| 21:29 | Build | Lumber Camp |
| 21:50 | Build | Market |
| 21:57 | Create | Villager (Male) |
| 22:21 | Build | Farm |
| 22:24 | Build | Farm |
| 22:25 | Research | Castle Age |
| 22:32 | Build | Farm |
| 22:48 | Build | Mining Camp |
| 23:41 | Build | House |
| 23:44 | Build | House |
| 23:44 | Build | House |
| 24:05 | Build | Stable |
| 24:07 | Build | Stable |
| 24:20 | Build | Farm |
| 24:21 | Build | Farm |
| 24:55 | Create | Demolition Raft |
| 24:56 | Create | Demolition Raft |
| 25:01 | Create | Fishing Ship |
| 25:01 | Create | Fishing Ship |
| 25:10 | Age | Castle Age |
| 25:19 | Research | Husbandry |
| 25:21 | Research | Bloodlines |
| 25:22 | Research | Chain Barding Armor |
| 25:28 | Create | Battle Elephant |
| 25:28 | Create | Battle Elephant |
| 25:28 | Create | Battle Elephant |
| 25:29 | Create | Battle Elephant |
| 25:32 | Build | Farm |
| 25:32 | Build | Farm |
| 25:48 | Create | Villager (Male) |
| 26:06 | Build | Farm |
| 26:07 | Create | Villager (Male) |
| 26:49 | Research | Iron Casting |
| 27:22 | Create | Battle Elephant |
| 27:22 | Create | Battle Elephant |
| 27:23 | Create | Battle Elephant |
| 27:40 | Build | Castle |
| 28:06 | Create | Battle Elephant |
| 28:06 | Create | Battle Elephant |
| 28:07 | Create | Battle Elephant |
| 28:07 | Create | Battle Elephant |
| 28:14 | Create | Villager (Male) |
| 28:15 | Create | Villager (Male) |
| 28:38 | Build | Town Center |
| 28:45 | Build | Farm |
| 28:46 | Build | Farm |
| 28:52 | Build | Farm |
| 28:54 | Build | Farm |
| 28:57 | Build | Farm |
| 29:32 | Create | Battle Elephant |
| 29:33 | Create | Battle Elephant |
| 29:33 | Create | Battle Elephant |
| 29:33 | Create | Battle Elephant |
| 29:50 | Create | Villager (Male) |
| 29:50 | Create | Villager (Male) |
| 30:26 | Create | Battle Elephant |
| 30:26 | Create | Battle Elephant |
| 30:26 | Create | Battle Elephant |
| 30:27 | Create | Battle Elephant |
| 48:42 | Build | Town Center |
| 49:06 | Build | Palisade Wall |
Build order — Baruchiev
First 150 of 276 actions detected
| 0:48 | Build | Town Center |
| 1:19 | Build | House |
| 1:21 | Build | Dock |
| 3:21 | Research | Loom |
| 3:21 | Create | Villager (Male) |
| 3:21 | Create | Villager (Male) |
| 3:21 | Create | Villager (Male) |
| 3:22 | Create | Villager (Male) |
| 4:02 | Build | Palisade Wall |
| 4:03 | Build | Palisade Wall |
| 4:07 | Build | Palisade Wall |
| 4:42 | Create | Fishing Ship |
| 5:10 | Build | House |
| 5:47 | Build | Palisade Wall |
| 5:51 | Build | Palisade Wall |
| 5:53 | Build | Palisade Wall |
| 6:02 | Create | Villager (Male) |
| 6:02 | Create | Villager (Male) |
| 6:15 | Create | Fishing Ship |
| 6:29 | Create | Villager (Male) |
| 6:55 | Create | Villager (Male) |
| 7:16 | Build | House |
| 7:21 | Create | Villager (Male) |
| 8:02 | Create | Fishing Ship |
| 8:15 | Create | Villager (Male) |
| 8:54 | Create | Villager (Male) |
| 8:59 | Create | Fishing Ship |
| 9:13 | Create | Villager (Male) |
| 9:16 | Create | Fishing Ship |
| 9:27 | Build | House |
| 9:41 | Create | Villager (Male) |
| 9:53 | Create | Fishing Ship |
| 10:15 | Create | Villager (Male) |
| 10:28 | Create | Villager (Male) |
| 10:50 | Build | Mill |
| 10:52 | Create | Villager (Male) |
| 11:20 | Create | Fishing Ship |
| 11:28 | Build | House |
| 11:35 | Create | Villager (Male) |
| 12:08 | Research | Feudal Age |
| 12:43 | Build | Mining Camp |
| 14:18 | Age | Feudal Age |
| 14:21 | Create | Villager (Male) |
| 14:21 | Create | Villager (Male) |
| 14:43 | Build | Market |
| 15:11 | Build | House |
| 15:38 | Research | Castle Age |
| 15:39 | Research | Castle Age |
| 15:51 | Build | Mining Camp |
| 16:48 | Build | House |
| 16:51 | Build | Palisade Wall |
| 18:00 | Research | Stone Mining |
| 18:18 | Age | Castle Age |
| 19:37 | Build | Castle |
| 19:52 | Build | House |
| 19:58 | Build | House |
| 20:21 | Build | Lumber Camp |
| 21:59 | Build | Town Center |
| 22:21 | Build | House |
| 22:25 | Create | Villager (Male) |
| 22:25 | Create | Villager (Male) |
| 22:50 | Create | Villager (Male) |
| 22:50 | Create | Villager (Male) |
| 23:17 | Research | Double-Bit Axe |
| 23:24 | Research | Town Watch |
| 23:30 | Create | Villager (Male) |
| 23:31 | Create | Villager (Male) |
| 23:46 | Research | Bow Saw |
| 24:04 | Build | Watch Tower |
| 24:26 | Build | Siege Workshop |
| 24:33 | Create | Villager (Male) |
| 24:34 | Create | Villager (Male) |
| 24:51 | Build | Dock |
| 25:07 | Create | Battering Ram |
| 25:19 | Create | Battering Ram |
| 26:09 | Create | Mangonel |
| 26:33 | Create | Villager (Male) |
| 26:33 | Create | Villager (Male) |
| 27:03 | Create | Villager (Male) |
| 27:51 | Create | Villager (Male) |
| 27:51 | Create | Villager (Male) |
| 28:19 | Create | Villager (Male) |
| 28:24 | Build | Town Center |
| 29:24 | Build | Market |
| 29:47 | Research | Tech 906 |
| 29:49 | Create | Fishing Ship |
| 29:49 | Create | Fishing Ship |
| 29:51 | Create | Villager (Male) |
| 29:51 | Create | Villager (Male) |
| 29:51 | Create | Villager (Male) |
| 30:18 | Build | Blacksmith |
| 30:23 | Create | Mangonel |
| 30:31 | Create | Villager (Male) |
| 30:31 | Create | Villager (Male) |
| 31:28 | Create | Villager (Male) |
| 31:28 | Create | Villager (Male) |
| 32:23 | Create | Villager (Male) |
| 32:32 | Build | Mining Camp |
| 35:23 | Build | Dock |
| 35:39 | Build | Dock |
| 35:57 | Create | Transport Ship |
| 36:25 | Build | Town Center |
| 36:34 | Create | Transport Ship |
| 36:40 | Research | Gillnets |
| 37:54 | Build | Town Center |
| 38:02 | Build | Siege Workshop |
| 38:45 | Create | Battering Ram |
| 38:51 | Build | House |
| 38:53 | Build | House |
| 38:56 | Build | House |
| 39:10 | Research | Wheelbarrow |
| 39:22 | Research | Imperial Age |
| 40:15 | Create | Battering Ram |
| 40:22 | Create | Villager (Male) |
| 40:22 | Create | Villager (Male) |
| 40:40 | Build | Castle |
| 41:01 | Build | House |
| 41:34 | Create | Fire Galley |
| 41:34 | Create | Fire Galley |
| 41:42 | Create | Villager (Male) |
| 41:43 | Create | Villager (Male) |
| 42:27 | Build | Mining Camp |
| 42:44 | Build | University |
| 43:10 | Create | Villager (Male) |
| 43:10 | Create | Villager (Male) |
| 43:35 | Age | Imperial Age |
| 43:39 | Create | Villager (Male) |
| 43:39 | Create | Villager (Male) |
| 43:44 | Create | Villager (Male) |
| 43:44 | Create | Villager (Male) |
| 43:57 | Build | Dock |
| 44:15 | Research | Ballistics |
| 44:41 | Create | Fishing Ship |
| 44:41 | Create | Fishing Ship |
| 44:41 | Create | Fishing Ship |
| 44:50 | Create | Fishing Ship |
| 44:50 | Create | Fishing Ship |
| 44:50 | Create | Fishing Ship |
| 45:14 | Create | Fire Galley |
| 45:14 | Create | Fire Galley |
| 45:38 | Create | Villager (Male) |
| 45:39 | Create | Villager (Male) |
| 45:45 | Build | Dock |
| 46:22 | Create | Villager (Male) |
| 46:23 | Create | Villager (Male) |
| 46:26 | Create | Villager (Male) |
| 46:34 | Build | Stable |
| 46:36 | Build | Stable |
| 46:48 | Create | Villager (Male) |
| 46:50 | Create | Villager (Male) |
Build order — vuhieu84vn
First 150 of 602 actions detected
| 0:18 | Build | House |
| 0:26 | Build | Town Center |
| 1:42 | Build | Dock |
| 3:02 | Create | Villager (Male) |
| 3:03 | Create | Villager (Male) |
| 3:03 | Create | Villager (Male) |
| 3:03 | Create | Villager (Male) |
| 3:03 | Create | Villager (Male) |
| 3:04 | Create | Villager (Male) |
| 4:27 | Create | Fishing Ship |
| 4:42 | Create | Villager (Male) |
| 5:16 | Research | Loom |
| 5:30 | Create | Villager (Male) |
| 5:30 | Create | Villager (Male) |
| 5:30 | Create | Villager (Male) |
| 5:45 | Create | Fishing Ship |
| 5:46 | Create | Villager (Male) |
| 5:46 | Create | Villager (Male) |
| 6:16 | Create | Villager (Male) |
| 6:35 | Build | House |
| 6:52 | Create | Villager (Male) |
| 6:52 | Create | Villager (Male) |
| 6:53 | Create | Villager (Male) |
| 7:03 | Create | Villager (Male) |
| 7:04 | Create | Villager (Male) |
| 7:06 | Create | Fishing Ship |
| 7:30 | Create | Fishing Ship |
| 7:36 | Create | Villager (Male) |
| 7:37 | Create | Villager (Male) |
| 7:53 | Create | Villager (Male) |
| 7:53 | Create | Villager (Male) |
| 7:58 | Build | House |
| 8:05 | Create | Villager (Male) |
| 8:05 | Create | Villager (Male) |
| 8:25 | Create | Fishing Ship |
| 8:26 | Create | Villager (Male) |
| 8:26 | Create | Villager (Male) |
| 8:39 | Create | Villager (Male) |
| 8:39 | Create | Villager (Male) |
| 9:05 | Create | Villager (Male) |
| 9:05 | Create | Villager (Male) |
| 9:11 | Build | Mill |
| 9:19 | Build | Mill |
| 9:20 | Create | Villager (Male) |
| 9:31 | Build | Mill |
| 9:34 | Create | Villager (Male) |
| 10:41 | Build | Mining Camp |
| 11:06 | Research | Feudal Age |
| 11:22 | Build | House |
| 11:43 | Create | Fishing Ship |
| 11:45 | Create | Villager (Male) |
| 11:51 | Build | House |
| 11:56 | Build | Dock |
| 12:21 | Build | Palisade Wall |
| 12:23 | Build | Palisade Wall |
| 13:03 | Create | Villager (Male) |
| 13:04 | Create | Villager (Male) |
| 13:16 | Age | Feudal Age |
| 13:23 | Build | Market |
| 13:40 | Create | Villager (Male) |
| 13:41 | Create | Villager (Male) |
| 13:41 | Create | Villager (Male) |
| 14:00 | Build | Blacksmith |
| 14:02 | Create | Villager (Male) |
| 14:50 | Research | Castle Age |
| 14:56 | Build | Palisade Gate |
| 15:01 | Build | Mining Camp |
| 15:21 | Create | Villager (Male) |
| 16:04 | Build | Outpost |
| 16:06 | Research | Stone Mining |
| 16:07 | Research | Stone Mining |
| 16:09 | Create | Villager (Male) |
| 16:09 | Create | Villager (Male) |
| 16:48 | Build | Outpost |
| 17:24 | Build | Outpost |
| 17:26 | Create | Villager (Male) |
| 17:31 | Create | Fishing Ship |
| 17:32 | Create | Fishing Ship |
| 17:32 | Create | Fishing Ship |
| 17:36 | Age | Castle Age |
| 18:02 | Create | Villager (Male) |
| 18:19 | Build | Castle |
| 18:33 | Create | Villager (Male) |
| 18:40 | Create | Villager (Male) |
| 18:49 | Create | Villager (Male) |
| 18:55 | Create | Villager (Male) |
| 19:04 | Create | Villager (Male) |
| 19:12 | Create | Villager (Male) |
| 19:23 | Create | Genoese Crossbowman |
| 19:23 | Create | Genoese Crossbowman |
| 19:24 | Create | Genoese Crossbowman |
| 19:27 | Create | Villager (Male) |
| 19:37 | Create | Genoese Crossbowman |
| 19:37 | Create | Genoese Crossbowman |
| 19:43 | Create | Villager (Male) |
| 19:59 | Create | Genoese Crossbowman |
| 19:59 | Create | Genoese Crossbowman |
| 20:03 | Create | Villager (Male) |
| 20:28 | Create | Villager (Male) |
| 20:33 | Create | Villager (Male) |
| 20:37 | Create | Villager (Male) |
| 21:09 | Create | Villager (Male) |
| 21:16 | Create | Genoese Crossbowman |
| 21:16 | Create | Genoese Crossbowman |
| 21:17 | Create | Genoese Crossbowman |
| 21:30 | Create | Villager (Male) |
| 21:30 | Create | Villager (Male) |
| 21:46 | Create | Genoese Crossbowman |
| 21:46 | Create | Genoese Crossbowman |
| 21:46 | Create | Genoese Crossbowman |
| 21:56 | Create | Villager (Male) |
| 21:57 | Create | Villager (Male) |
| 22:17 | Create | Genoese Crossbowman |
| 22:18 | Create | Genoese Crossbowman |
| 22:22 | Create | Villager (Male) |
| 22:40 | Build | Town Center |
| 22:42 | Create | Villager (Male) |
| 22:42 | Create | Villager (Male) |
| 22:48 | Build | Dock |
| 22:49 | Create | Villager (Male) |
| 23:02 | Build | Farm |
| 23:11 | Create | Villager (Male) |
| 23:16 | Create | Fishing Ship |
| 23:16 | Create | Fishing Ship |
| 23:26 | Create | Villager (Male) |
| 23:30 | Create | Villager (Male) |
| 24:01 | Create | Villager (Male) |
| 24:04 | Build | Farm |
| 24:06 | Build | House |
| 24:09 | Build | Farm |
| 24:10 | Build | Farm |
| 24:18 | Create | Villager (Male) |
| 24:29 | Build | Farm |
| 24:56 | Build | Town Center |
| 24:57 | Create | Villager (Male) |
| 25:03 | Create | Villager (Male) |
| 25:16 | Research | Horse Collar |
| 25:16 | Research | Horse Collar |
| 25:21 | Create | Villager (Male) |
| 25:22 | Create | Villager (Male) |
| 25:22 | Create | Villager (Male) |
| 25:34 | Build | Farm |
| 25:36 | Create | Villager (Male) |
| 25:39 | Build | Farm |
| 25:43 | Build | Lumber Camp |
| 25:54 | Research | Padded Archer Armor |
| 26:12 | Build | Farm |
| 26:16 | Create | Fishing Ship |
| 26:16 | Create | Fishing Ship |
| 26:16 | Create | Fishing Ship |
Build order — Fettig15
137 actions detected in the replay
| 0:32 | Build | Town Center |
| 1:20 | Build | Dock |
| 1:24 | Build | House |
| 1:25 | Build | House |
| 2:48 | Create | Villager (Male) |
| 2:49 | Create | Villager (Male) |
| 2:49 | Create | Villager (Male) |
| 2:49 | Create | Villager (Male) |
| 4:46 | Create | Villager (Male) |
| 4:46 | Create | Villager (Male) |
| 5:01 | Create | Fishing Ship |
| 5:09 | Create | Villager (Male) |
| 5:51 | Create | Villager (Male) |
| 5:52 | Create | Villager (Male) |
| 5:52 | Create | Villager (Male) |
| 6:00 | Create | Fishing Ship |
| 6:28 | Create | Villager (Male) |
| 6:28 | Create | Villager (Male) |
| 6:37 | Build | House |
| 6:52 | Create | Villager (Male) |
| 6:52 | Create | Villager (Male) |
| 6:52 | Create | Villager (Male) |
| 7:07 | Create | Villager (Male) |
| 7:10 | Create | Fishing Ship |
| 7:43 | Create | Villager (Male) |
| 7:55 | Build | House |
| 8:06 | Create | Fishing Ship |
| 8:35 | Build | House |
| 8:38 | Build | House |
| 8:44 | Create | Villager (Male) |
| 8:44 | Create | Villager (Male) |
| 8:44 | Create | Villager (Male) |
| 8:45 | Create | Villager (Male) |
| 8:52 | Create | Fishing Ship |
| 9:40 | Build | Mill |
| 9:43 | Create | Villager (Male) |
| 10:30 | Create | Fishing Ship |
| 10:47 | Create | Villager (Male) |
| 10:48 | Create | Villager (Male) |
| 11:10 | Create | Fishing Ship |
| 11:27 | Research | Feudal Age |
| 12:02 | Build | Lumber Camp |
| 12:45 | Build | Palisade Wall |
| 13:07 | Create | Villager (Male) |
| 13:07 | Create | Villager (Male) |
| 13:08 | Create | Villager (Male) |
| 13:15 | Build | Barracks |
| 13:25 | Create | Fishing Ship |
| 13:43 | Build | Palisade Gate |
| 13:45 | Build | House |
| 13:48 | Build | House |
| 13:51 | Create | Villager (Male) |
| 13:57 | Research | Double-Bit Axe |
| 14:21 | Create | Villager (Male) |
| 14:27 | Create | Fishing Ship |
| 14:42 | Build | Mining Camp |
| 15:04 | Build | House |
| 15:14 | Create | Villager (Male) |
| 15:24 | Research | Loom |
| 15:31 | Build | Stable |
| 15:37 | Build | House |
| 15:47 | Create | Fishing Ship |
| 16:12 | Create | Villager (Male) |
| 16:13 | Create | Villager (Male) |
| 16:27 | Build | Blacksmith |
| 16:36 | Create | Scout Cavalry |
| 16:37 | Create | Scout Cavalry |
| 16:38 | Create | Scout Cavalry |
| 16:38 | Create | Scout Cavalry |
| 16:53 | Create | Villager (Male) |
| 17:08 | Build | Market |
| 17:23 | Build | Archery Range |
| 17:30 | Build | Stone Wall |
| 17:36 | Build | Gate |
| 17:49 | Create | Villager (Male) |
| 17:49 | Create | Villager (Male) |
| 18:04 | Build | Farm |
| 18:05 | Build | Farm |
| 18:05 | Build | Farm |
| 18:06 | Build | Farm |
| 18:06 | Build | Farm |
| 18:07 | Build | Farm |
| 18:08 | Build | Farm |
| 18:52 | Create | Villager (Male) |
| 18:59 | Build | Farm |
| 18:59 | Build | Farm |
| 19:00 | Build | Farm |
| 19:39 | Research | Castle Age |
| 20:03 | Research | Scale Barding Armor |
| 20:23 | Research | Tech 906 |
| 20:29 | Build | Dock |
| 20:41 | Build | House |
| 20:43 | Build | House |
| 20:45 | Build | House |
| 20:56 | Build | Stone Wall |
| 21:00 | Create | Villager (Male) |
| 21:00 | Create | Villager (Male) |
| 21:00 | Create | Villager (Male) |
| 21:46 | Build | Gate |
| 21:49 | Create | Villager (Male) |
| 21:49 | Create | Villager (Male) |
| 21:59 | Build | Mining Camp |
| 22:40 | Build | Mill |
| 22:54 | Create | Villager (Male) |
| 22:54 | Create | Villager (Male) |
| 22:57 | Create | Cavalry Archer |
| 22:57 | Create | Cavalry Archer |
| 22:58 | Create | Cavalry Archer |
| 22:58 | Create | Cavalry Archer |
| 22:58 | Create | Cavalry Archer |
| 22:59 | Create | Cavalry Archer |
| 23:06 | Build | Archery Range |
| 23:11 | Research | Fletching |
| 23:11 | Research | Padded Archer Armor |
| 23:14 | Create | Villager (Male) |
| 23:14 | Create | Villager (Male) |
| 23:20 | Build | House |
| 23:25 | Build | House |
| 23:56 | Build | Farm |
| 23:57 | Build | Farm |
| 23:57 | Build | Farm |
| 24:06 | Create | Villager (Male) |
| 24:23 | Create | Villager (Male) |
| 24:32 | Build | Lumber Camp |
| 24:36 | Research | Stone Mining |
| 24:37 | Research | Gold Mining |
| 24:39 | Create | Villager (Male) |
| 25:10 | Create | Cavalry Archer |
| 25:10 | Create | Cavalry Archer |
| 25:11 | Create | Cavalry Archer |
| 25:16 | Create | Cavalry Archer |
| 26:15 | Research | Bodkin Arrow |
| 27:51 | Create | Spearman |
| 27:51 | Create | Spearman |
| 27:52 | Create | Spearman |
| 27:52 | Create | Spearman |
| 28:01 | Build | Mining Camp |
Build order — Kaka
First 150 of 322 actions detected
| 1:34 | Build | Dock |
| 1:39 | Build | Town Center |
| 4:15 | Create | Villager (Male) |
| 4:15 | Create | Villager (Male) |
| 4:15 | Create | Villager (Male) |
| 4:15 | Create | Villager (Male) |
| 4:16 | Create | Villager (Male) |
| 4:16 | Create | Villager (Male) |
| 4:49 | Create | Villager (Male) |
| 4:50 | Create | Villager (Male) |
| 5:19 | Create | Fishing Ship |
| 5:56 | Create | Villager (Male) |
| 5:57 | Create | Villager (Male) |
| 5:59 | Create | Fishing Ship |
| 6:14 | Build | House |
| 7:13 | Research | Loom |
| 7:14 | Create | Fishing Ship |
| 7:49 | Create | Villager (Male) |
| 7:50 | Create | Villager (Male) |
| 8:04 | Create | Villager (Male) |
| 8:04 | Create | Villager (Male) |
| 8:04 | Create | Villager (Male) |
| 8:08 | Create | Fishing Ship |
| 8:18 | Build | House |
| 8:27 | Create | Villager (Male) |
| 8:28 | Create | Villager (Male) |
| 8:28 | Create | Villager (Male) |
| 8:47 | Create | Villager (Male) |
| 8:47 | Create | Villager (Male) |
| 9:09 | Create | Villager (Male) |
| 9:24 | Create | Fishing Ship |
| 9:37 | Build | House |
| 10:12 | Create | Villager (Male) |
| 10:34 | Create | Villager (Male) |
| 10:39 | Build | Lumber Camp |
| 11:03 | Create | Fishing Ship |
| 11:18 | Create | Villager (Male) |
| 11:28 | Build | House |
| 11:39 | Create | Fishing Ship |
| 11:56 | Create | Villager (Male) |
| 12:19 | Research | Feudal Age |
| 12:31 | Build | Mining Camp |
| 14:02 | Create | Villager (Male) |
| 14:02 | Create | Villager (Male) |
| 14:07 | Build | House |
| 14:31 | Age | Feudal Age |
| 14:35 | Create | Galley |
| 14:55 | Build | House |
| 15:09 | Build | Barracks |
| 15:19 | Build | Blacksmith |
| 15:21 | Create | Villager (Male) |
| 15:30 | Create | Galley |
| 15:45 | Build | House |
| 15:46 | Create | Villager (Male) |
| 16:08 | Build | Archery Range |
| 16:20 | Create | Galley |
| 16:36 | Build | House |
| 17:02 | Research | Castle Age |
| 17:12 | Create | Galley |
| 17:16 | Build | House |
| 17:17 | Create | Villager (Male) |
| 17:31 | Research | Gold Mining |
| 17:33 | Research | Double-Bit Axe |
| 18:11 | Build | House |
| 18:27 | Create | Fire Galley |
| 18:35 | Build | House |
| 19:40 | Create | Villager (Male) |
| 19:42 | Age | Castle Age |
| 19:48 | Create | Elephant Archer |
| 20:29 | Create | Villager (Male) |
| 20:49 | Create | Elephant Archer |
| 21:01 | Build | Town Center |
| 21:06 | Create | Villager (Male) |
| 21:28 | Create | Elephant Archer |
| 21:50 | Create | Villager (Male) |
| 21:50 | Create | Villager (Male) |
| 22:09 | Build | Town Center |
| 22:14 | Create | Elephant Archer |
| 22:15 | Create | Spearman |
| 22:25 | Build | Lumber Camp |
| 22:27 | Create | Villager (Male) |
| 22:27 | Create | Villager (Male) |
| 22:53 | Create | Villager (Male) |
| 22:53 | Create | Villager (Male) |
| 22:56 | Research | Bow Saw |
| 23:10 | Create | Elephant Archer |
| 23:12 | Research | Fletching |
| 23:29 | Create | Spearman |
| 23:38 | Create | Villager (Male) |
| 23:38 | Create | Villager (Male) |
| 23:40 | Create | Villager (Male) |
| 23:51 | Create | Elephant Archer |
| 23:57 | Create | Villager (Male) |
| 23:57 | Create | Villager (Male) |
| 24:26 | Create | Villager (Male) |
| 24:44 | Create | Villager (Male) |
| 24:44 | Create | Villager (Male) |
| 24:46 | Create | Villager (Male) |
| 24:48 | Research | Wheelbarrow |
| 25:03 | Build | Mill |
| 25:11 | Create | Villager (Male) |
| 25:12 | Create | Villager (Male) |
| 25:42 | Build | Siege Workshop |
| 25:59 | Create | Villager (Male) |
| 26:38 | Create | Villager (Male) |
| 26:38 | Create | Villager (Male) |
| 26:54 | Build | Market |
| 27:07 | Create | Armored Elephant |
| 27:28 | Research | Horse Collar |
| 27:29 | Research | Horse Collar |
| 27:31 | Build | House |
| 27:31 | Build | House |
| 27:40 | Build | Fish Trap |
| 27:40 | Build | Fish Trap |
| 27:40 | Build | Fish Trap |
| 27:40 | Build | Fish Trap |
| 27:41 | Build | Fish Trap |
| 27:41 | Build | Fish Trap |
| 28:00 | Create | Villager (Male) |
| 28:01 | Create | Villager (Male) |
| 28:16 | Create | Mangonel |
| 28:17 | Create | Mangonel |
| 28:29 | Build | Farm |
| 28:30 | Build | Farm |
| 28:30 | Build | Farm |
| 28:30 | Build | Farm |
| 28:30 | Build | Farm |
| 28:31 | Build | Farm |
| 28:31 | Build | Farm |
| 28:31 | Build | Farm |
| 28:33 | Create | Villager (Male) |
| 28:34 | Create | Villager (Male) |
| 28:47 | Create | Elephant Archer |
| 29:30 | Create | Elephant Archer |
| 29:35 | Research | Padded Archer Armor |
| 30:02 | Build | Farm |
| 30:03 | Build | Farm |
| 30:03 | Build | Farm |
| 30:03 | Build | Farm |
| 30:04 | Build | Farm |
| 30:04 | Build | Farm |
| 30:11 | Build | Farm |
| 30:11 | Build | Farm |
| 30:11 | Build | Farm |
| 30:11 | Build | Farm |
| 30:11 | Build | Farm |
| 30:11 | Build | Farm |
| 30:12 | Build | Farm |
| 30:12 | Build | Farm |
| 30:12 | Build | Farm |
Match timeline
| 0:52 | I'm Chịck · first_building Dock |
| 1:20 | Fettig15 · first_building Dock |
| 1:21 | Baruchiev · first_building Dock |
| 1:34 | Kaka · first_building Dock |
| 1:42 | vuhieu84vn · first_building Dock |
| 2:50 | Alcatraz · first_building Dock |
| 3:57 | SenorLeyenda561 · first_building Dock |
| 4:02 | Baruchiev · wall_segment Palisade Wall x1 |
| 4:03 | Baruchiev · wall_segment Palisade Wall x1 |
| 4:07 | Baruchiev · wall_segment Palisade Wall x1 |
| 5:10 | BigPapa · first_building Dock |
| 5:47 | Baruchiev · wall_segment Palisade Wall x1 |
| 5:51 | Baruchiev · wall_segment Palisade Wall x1 |
| 5:53 | Baruchiev · wall_segment Palisade Wall x1 |
| 10:17 | BigPapa · first_building Barracks |
| 10:56 | I'm Chịck · wall_segment Palisade Wall x8 |
| 12:21 | vuhieu84vn · wall_segment Palisade Wall x1 |
| 12:23 | vuhieu84vn · wall_segment Palisade Wall x1 |
| 12:35 | I'm Chịck · first_building Barracks |
| 12:43 | I'm Chịck · wall_segment Palisade Wall x6 |
| 12:45 | Fettig15 · wall_segment Palisade Wall x14 |
| 12:47 | Alcatraz · first_building Barracks |
| 13:15 | Fettig15 · first_building Barracks |
| 13:16 | vuhieu84vn · age_up feudal |
| 13:23 | Alcatraz · age_up feudal |
| 13:28 | SenorLeyenda561 · first_building Barracks |
| 14:12 | Alcatraz · first_building Stable |
| 14:18 | Baruchiev · age_up feudal |
| 14:31 | Kaka · age_up feudal |
| 15:00 | I'm Chịck · age_up feudal |
| 15:07 | Alcatraz · wall_segment Palisade Wall x3 |
| 15:09 | Kaka · first_building Barracks |
| 15:25 | SenorLeyenda561 · first_building Archery Range |
| 15:27 | I'm Chịck · first_building Stable |
| 15:31 | Fettig15 · first_building Stable |
| 15:33 | BigPapa · age_up feudal |
| 15:48 | BigPapa · first_building Stable |
| 16:08 | Kaka · first_building Archery Range |
| 16:51 | Baruchiev · wall_segment Palisade Wall x1 |
| 17:23 | Fettig15 · first_building Archery Range |
| 17:30 | Fettig15 · wall_segment Stone Wall x9 |
| 17:36 | vuhieu84vn · age_up castle |
| 18:18 | Baruchiev · age_up castle |
| 18:19 | vuhieu84vn · first_building Castle |
| 18:53 | Baruchiev · first_market_buy 100 stone |
| 19:09 | Alcatraz · age_up castle |
| 19:37 | Baruchiev · first_building Castle |
| 19:42 | Kaka · age_up castle |
| 20:00 | Alcatraz · wall_segment Palisade Wall x1 |
| 20:02 | Alcatraz · wall_segment Palisade Wall x1 |
| 20:47 | BigPapa · wall_segment Palisade Wall x1 |
| 20:49 | BigPapa · wall_segment Palisade Wall x1 |
| 20:50 | BigPapa · wall_segment Palisade Wall x1 |
| 20:51 | BigPapa · wall_segment Palisade Wall x1 |
| 20:56 | Fettig15 · wall_segment Stone Wall x10 |
| 20:58 | Baruchiev · first_market_sell 100 food |
| 23:00 | BigPapa · wall_segment Palisade Wall x1 |
| 23:47 | Alcatraz · wall_segment Stone Wall x4 |
| 24:26 | Baruchiev · first_building Siege Workshop |
| 25:10 | I'm Chịck · age_up castle |
| 25:42 | Kaka · first_building Siege Workshop |
| 26:38 | BigPapa · age_up castle |
| 27:40 | I'm Chịck · first_building Castle |
| 28:04 | BigPapa · first_building Castle |
| 28:41 | Kaka · first_market_buy 100 food |
| 28:57 | Fettig15 · resign |
| 29:19 | SenorLeyenda561 · first_building Castle |
| 29:20 | vuhieu84vn · first_market_buy 100 food |
| 29:26 | vuhieu84vn · first_market_sell 100 stone |
| 30:57 | Kaka · first_building Stable |
| 31:58 | vuhieu84vn · first_building Barracks |
| 32:39 | vuhieu84vn · first_building Stable |
| 32:40 | vuhieu84vn · age_up imperial |
| 33:14 | Alcatraz · first_building Castle |
| 36:23 | BigPapa · age_up imperial |
| 36:47 | vuhieu84vn · wall_segment Palisade Wall x1 |
| 36:53 | vuhieu84vn · wall_segment Palisade Wall x3 |
| 37:37 | vuhieu84vn · first_building Archery Range |
| 38:16 | Alcatraz · first_market_buy 100 wood |
| 38:18 | Alcatraz · age_up imperial |
| 39:04 | Kaka · age_up imperial |
| 39:10 | Kaka · first_market_sell 500 wood |
| 39:44 | BigPapa · first_market_sell 100 wood |
| 39:55 | Alcatraz · first_market_sell 100 food |
| 41:04 | BigPapa · first_building Archery Range |
| 43:35 | Baruchiev · age_up imperial |
| 44:53 | vuhieu84vn · wall_segment Stone Wall x6 |
| 46:34 | Baruchiev · first_building Stable |
| 47:55 | vuhieu84vn · wall_segment Stone Wall x8 |
| 48:29 | vuhieu84vn · wall_segment Stone Wall x14 |
| 48:34 | BigPapa · first_market_buy 100 wood |
| 49:05 | SenorLeyenda561 · first_building Stable |
| 49:06 | I'm Chịck · wall_segment Palisade Wall x1 |
| 51:22 | SenorLeyenda561 · first_building Siege Workshop |
| 51:37 | I'm Chịck · wall_segment Stone Wall x6 |
| 52:43 | Alcatraz · tribute_sent a jugador 2 |
| 52:43 | Alcatraz · tribute_sent a jugador 3 |
| 52:43 | Alcatraz · tribute_sent a jugador 4 |
| 52:43 | Alcatraz · tribute_sent a jugador 5 |
| 52:43 | Alcatraz · tribute_sent a jugador 6 |
| 52:43 | Alcatraz · tribute_sent a jugador 7 |
| 52:43 | Alcatraz · tribute_sent a jugador 8 |
| 52:50 | Baruchiev · tribute_sent a jugador 1 |
| 52:50 | Baruchiev · tribute_sent a jugador 2 |
| 52:50 | Baruchiev · tribute_sent a jugador 3 |
| 52:50 | Baruchiev · tribute_sent a jugador 4 |
| 52:50 | Baruchiev · tribute_sent a jugador 6 |
| 52:50 | Baruchiev · tribute_sent a jugador 7 |
| 52:50 | Baruchiev · tribute_sent a jugador 8 |
| 53:37 | I'm Chịck · wall_segment Stone Wall x2 |
| 53:45 | I'm Chịck · wall_segment Stone Wall x1 |
| 53:46 | I'm Chịck · wall_segment Stone Wall x1 |
| 54:09 | I'm Chịck · age_up imperial |
[ AI ANALYSIS · 1 CREDIT ]
What really happened in this match?
Wolo.gg analyzes every decision: build order, eco, micro, common mistakes by bracket. Personalized analysis on WhatsApp or Discord in 30 seconds.
Civ guide
Franks
Perfil
Jugador #256315